AoeStats
← =)Svanhilde

African Clearing

510804559Analyzed
4v4 RM · 4h ago on Oct 2, 2026· 49m 6s· 8 players
Game mode
Random Map
Map size
Large (8 player)
Population
200
Speed
Normal
Resources
Standard
Victory
Conquest
Starting age
Dark Age
Ending age
Imperial Age
RankedLock teamsTeams togetherTeam positionsShared explorationLock speedFull tech treeHidden civsTurbo modeCheats
Victory
Defeat
🇫🇮 Danes · Finland
2119
+4
🇫🇮 Danes · Finland
2059
+5
🇫🇮 Varangians · Finland
1963
+7
🇫🇷 Huns · France
1856
+10
🇹🇷 Koreans · Türkiye
1798
-9
🇹🇷 Spanish · Türkiye
1781
-7
🇹🇷 Varangians · Türkiye
1722
-5
🇹🇷 Vietnamese · Türkiye
1714
-5
FeelMySpike
9:17 Loom
12:01 Feudal Age
16:14 Castle Age
15:26 Double-Bit Axe
37:33 Wheelbarrow
38:35 Town Watch
39:45 Hand Cart
47:30 Scale Barding Armor
Edelreiss
7:36 Loom
12:49 Feudal Age
16:44 Castle Age
14:57 Double-Bit Axe
17:43 Bow Saw
21:27 Horse Collar
30:34 Wheelbarrow
32:10 Hand Cart
36:15 Imperial Age
35:45 Scale Barding Armor
35:42 Light Cavalry
36:32 Bloodlines
36:22 Husbandry
36:34 Forging
37:41 Chain Barding Armor
38:20 Iron Casting
39:11 Plate Barding Armor
39:31 Iron Casting
41:23 Padded Archer Armor
42:23 Blast Furnace
42:04 Heavy Plow
43:12 Elite Conquistador
45:02 Leather Archer Armor
46:07 Fletching
48:16 Ring Archer Armor
FNUL
8:14 Loom
11:43 Feudal Age
12:32 Double-Bit Axe
16:59 Fletching
16:57 Town Watch
19:20 Forging
22:37 Castle Age
21:23 Padded Archer Armor
22:52 Bloodlines
22:40 Crossbowman
23:16 Bodkin Arrow
23:32 Bow Saw
24:57 Wheelbarrow
26:03 Ballistics
27:17 Leather Archer Armor
35:58 Horse Collar
42:23 Imperial Age
40:25 Heavy Plow
40:16 Gold Mining
40:17 Stone Mining
42:24 Arbalester
45:02 Chemistry
45:22 Bracer
lalalalala
12:58 Feudal Age
13:19 Loom
16:35 Castle Age
14:23 Double-Bit Axe
15:50 Gold Mining
17:30 Bow Saw
20:15 Fletching
22:41 Bodkin Arrow
24:19 Ballistics
28:54 Wheelbarrow
Villese
10:00 Loom
12:32 Feudal Age
13:00 Town Watch
18:35 Castle Age
16:34 Double-Bit Axe
17:23 Fletching
28:12 Sanctity
30:00 Wheelbarrow
30:33 Bodkin Arrow
30:42 Padded Archer Armor
30:11 Elite Skirmisher
31:38 Fervor
36:22 Ballistics
42:51 Gold Mining
43:20 Bow Saw
44:15 Bloodlines
44:05 Husbandry
46:26 Gold Shaft Mining
45:35 Horse Collar
46:23 Guard Tower
46:33 Stone Mining
50:10 Imperial Age
47:59 Murder Holes
48:17 Masonry
48:47 Leather Archer Armor
=)Svanhilde
13:29 Feudal Age
14:14 Double-Bit Axe
17:42 Castle Age
16:17 Fletching
16:24 Horse Collar
18:48 Bow Saw
18:25 Loom
19:57 Wheelbarrow
23:35 Bodkin Arrow
26:18 Padded Archer Armor
26:31 Bloodlines
27:35 Husbandry
30:16 Leather Archer Armor
31:59 Ballistics
41:02 Heavy Plow
45:47 Imperial Age
44:05 Hand Cart
44:11 Gold Mining
44:13 Stone Mining
46:23 Thumb Ring
46:30 Bracer
47:31 Chemistry
47:10 Parthian Tactics
47:03 Heavy Cavalry Archer
TheMax
10:57 Loom
13:20 Feudal Age
17:02 Castle Age
15:53 Double-Bit Axe
18:08 Scale Mail Armor
23:20 Bow Saw
23:18 Town Watch
25:21 Wheelbarrow
28:09 Fishing Lines
32:05 Gillnets
31:57 Horse Collar
34:35 Heavy Plow
39:13 Imperial Age
36:47 Fletching
37:42 Bodkin Arrow
39:43 Masonry
40:05 Hand Cart
40:05 Siege Engineers
42:31 Conscription
43:31 Chain Mail Armor
43:18 Squires
Tomppa
12:17 Feudal Age
12:42 Loom
13:13 Double-Bit Axe
16:03 Castle Age
17:01 Bow Saw
19:20 Wheelbarrow
22:40 Hand Cart
24:07 Town Watch
26:16 Horse Collar
26:35 Gold Mining
27:01 Heavy Plow
31:51 Imperial Age
29:55 Forging
29:54 Scale Barding Armor
30:36 Forging
31:50 Chain Barding Armor
32:07 Bloodlines
32:00 Husbandry
33:18 Plate Barding Armor
34:06 Conscription
33:51 Elite Jarl
34:31 Stone Mining
35:25 Iron Casting
35:42 Guilds
37:19 Blast Furnace
36:54 Crop Rotation
37:38 Two-Man Saw
38:39 Coinage
39:24 Scale Mail Armor
39:02 Gothikon
41:16 Chain Mail Armor
41:46 Banking
40:50 Elite Varangian Guard
41:31 Squires
41:16 Arson
41:17 Gambesons
42:34 Plate Mail Armor
50:12 Stone Shaft Mining
Connection lost

Rejoining the realm…

Still unreachable

The connection could not be restored.

Session expired

The server has moved on; the page needs a fresh start.